 Dungeon Crawl Stone Soup version 0.30-a0-782-ge64f9170bb (webtiles) character file.

Game seed: 14949381761103491502

4582 vineage the Fighter (level 10, -1/75 HPs)
             Began as a Gargoyle Fighter on Feb 21, 2023.
             Was a Follower of Okawaru.
             Slain by a large abomination (11 damage)
             ... on level 1 of the Abyss.
             The game lasted 00:10:47 (7446 turns).

vineage the Fighter (Gargoyle Fighter)              Turns: 7446, Time: 00:10:47

Health: -1/75      AC: 32    Str: 23    XL:     10   Next: 41%
Magic:  21/21      EV:  8    Int: 14    God:    Okawaru [*.....]
Gold:   427        SH:  9    Dex: 13    Spells: 9/9 levels left

rFire   . . .      SeeInvis .    y - +3 flail (protect)
rCold   . . .      Faith    .    e - +0 kite shield
rNeg    + . .      Spirit   .    b - +0 scale mail
rPois   ∞          Reflect  .    (no helmet)
rElec   +          Harm     .    o - +0 cloak
rCorr   .          Rampage  .    n - +1 pair of gloves
Will    .....                    D - +2 pair of boots
Stlth   x                          - amulet of regeneration
HPRegen 1.12/turn                A - +4 ring of protection
MPRegen 0.17/turn                p - ring "Vaitoig" {Fly MP+9 Int+4 Dex+4}

@: under a protective aura, flying
A: sickness immunity, AC +7, negative energy resistance 1, electricity
resistance, torment resistance 1, petrification resistance
a: Renounce Religion, Heroism


You were on level 1 of the Abyss.
You worshipped Okawaru.
Okawaru was aware of your devotion.
You visited 2 branches of the dungeon, and saw 9 of its levels.
You visited the Abyss 1 time.
You also visited: Ossuary.

You collected 427 gold pieces.

Inventory:

Hand Weapons
 y - a +3 flail of protection (weapon)
Armour
 b - a +0 scale mail (worn)
 e - a +0 kite shield (worn)
 n - a +1 pair of gloves (worn)
 o - a +0 cloak (worn)
 D - a +2 pair of boots (worn)
Jewellery
 p - the ring "Vaitoig" (right hand) {Fly MP+9 Int+4 Dex+4}
   (You acquired it on level 6 of the Dungeon)

   [ring of magical power]

   Int:       It affects your intelligence (+4).
   Dex:       It affects your dexterity (+4).
   MP:        It affects your magic capacity (+9).
   Fly:       It grants you flight.
 x - an amulet of regeneration (around neck)
 A - a +4 ring of protection (left hand)
 C - a ring of protection from cold
Wands
 a - a wand of flame (20)
 c - a wand of mindburst (13)
 k - a wand of polymorph (7)
Scrolls
 g - 3 scrolls of fog
 i - 2 scrolls of enchant weapon
 u - 2 scrolls of teleportation
 w - 3 scrolls of immolation
 z - 3 scrolls of identify
 B - a scroll of fear
 F - a scroll of enchant armour
Potions
 d - 2 potions of might
 f - 2 potions of lignification
 h - 2 potions of flight
 j - 4 potions of curing
 l - a potion of ambrosia
 m - 2 potions of mutation
 q - a potion of magic
 r - 5 potions of heal wounds
 s - a potion of haste {unknown}
 t - 2 potions of degeneration {unknown}
 v - 2 potions of attraction {unknown}
 E - a potion of cancellation {unknown}


   Skills:
 + Level 14.0 Fighting
 + Level 4.6 Maces & Flails
 + Level 5.6 Armour
 + Level 5.7 Shields
 + Level 2.8 Invocations


You had 9 spell levels left.
You didn't know any spells.
Your spell library contained the following spells:

 Spells                   Type           Power      Damage    Failure   Level
 Magic Dart               Conj           0%         1d3       88%         1
 Searing Ray              Conj           0%         2d4       96%         2
 Mephitic Cloud           Conj/Pois/Air  0%         N/A       99%         3
 Fulminant Prism          Conj/Hex       0%         3d5       100%        4
 Call Imp                 Summ           Unusable   N/A       N/A         2

Dungeon Overview and Level Annotations

Branches:
Dungeon (8/15)             Temple (1/1) D:6         Ossuary (visited)
   Lair: D:8-11

Altars:
Cheibriados
Dithmenos
Elyvilon
Fedhas
Hepliaklqana
Makhleb
Okawaru
Qazlal
Ru
Sif Muna
Trog
Uskayaw
Wu Jian
Xom
Zin
The Shining One

Annotations:
D:8 Psyche


Innate Abilities, Weirdness & Mutations

You are immune to sickness and miasma.
Your stone body is resilient. (AC +7)
You are immune to poison.
You resist negative energy. (rN+)
You are resistant to electric shocks. (rElec)
You are resistant to unholy torment.
You are immune to petrification.


Message History

You sock the large abomination!
Your weapon exudes an aura of protection.
The large abomination is moderately damaged.
You are covered in liquid flames!
The large abomination hits you but does no damage.
You bump into the crystal wall.
You are covered in liquid flames!
The white imp shouts, "Take thy face hence, thou artless clay-brained skainsmate!"
The smoke demon closely misses you. The smoke demon hits you.
The smoke demon barely misses you. The large abomination hits you!!
* * * LOW HITPOINT WARNING * * *
You are too confused!
You sock the large abomination!
The large abomination is heavily damaged.
The smoke demon hits you but does no damage.
The smoke demon misses you. The smoke demon hits you.
The large abomination hits you!!
* * * LOW HITPOINT WARNING * * *
You bump into the stone wall.
You feel less invigorated.
You feel less confused. You block the smoke demon's attack. x2
The smoke demon hits you but does no damage.
The large abomination barely misses you.
The white imp closely misses you.
You hit the white imp but do no damage. You block the smoke demon's attack.
The smoke demon hits you but does no damage.
The smoke demon completely misses you.
You block the large abomination's attack.
The white imp gestures at you.
The puff of frost hits you but does no damage.
You block the large abomination's attack.
The smoke demon hits you.
* * * LOW HITPOINT WARNING * * *
The smoke demon hits you but does no damage.
The smoke demon barely misses you.
You barely miss the white imp. The white imp gestures at you.
The puff of frost hits you but does no damage.
The large abomination hits you!
You die...

. . .... . ..# #
#.... .#. ....
.....##..
.....#...#..
.#.#.....# #...#....
#.##...# #.#5X5# .#
##...#@#.# .
###....#3#.#..
#............# .
##..#..#...#.#...#.#
# . . ..#.#..#.....#
.# #. #.# ..#.#.# .
# #...§........ .###
##.. #.#.....###.#
## .## .....#
..##..#.


You could see a large abomination, a smoke demon, a quasit and a white imp.

Vanquished Creatures
  A two-headed ogre (D:8)
  The ghost of Nonseq the Firebug, a novice DsFE of Gozag (D:5)
  A steam dragon (D:8)
  Menkaure (D:6)
  Edmund (D:5)
  A water moccasin (D:5)
  An ice beast (D:7)
  A sky beast (D:6)
  2 orc warriors
  A black bear (D:7)
  2 ogres
  A phantom (D:5)
  An elf zombie (Ossuary)
  2 kobold brigands
  Blork the orc (D:6)
  3 necrophages
  2 gnoll sergeants (D:5)
  5 bullfrogs
  8 scorpions
  3 killer bees (D:5)
  A centaur zombie (Ossuary)
  A hound (D:5)
  3 orc priests
  A jelly (D:5)
  A human zombie (Ossuary)
  Crazy Yiuf (D:2)
  Ijyb (D:5)
  An iguana (D:4)
  7 orc wizards
  A hound zombie (Ossuary)
  3 mummies (Ossuary)
  10 adders
  18 gnolls
  3 white imps
  An ufetubus (D:5)
  3 adder zombies (Ossuary)
  2 worms
  2 dart slugs
  43 orcs
  6 endoplasms
  4 giant cockroaches
  A gnoll zombie (Ossuary)
  6 goblins
  11 hobgoblins
  19 kobolds
  5 quokkas
  5 ball pythons
  A bat (D:3)
  2 frilled lizards
  6 goblin zombies (Ossuary)
  2 hobgoblin zombies (Ossuary)
  5 jackal zombies (Ossuary)
  3 kobold zombies (Ossuary)
  3 orc zombies (Ossuary)
  4 quokka zombies (Ossuary)
  4 rats
  4 rat zombies (Ossuary)
233 creatures vanquished.

Vanquished Creatures (others)
  3 fungi
  2 plants (D:5)
5 creatures vanquished.

Grand Total: 238 creatures vanquished

Notes
Turn   | Place    | Note
-------+----------+-------------------------------------------
     0 | D:1      | vineage the Gargoyle Fighter began the quest for the Orb.
     0 | D:1      | Reached XP level 1. HP: 14/14 MP: 1/1
   185 | D:1      | Reached XP level 2. HP: 18/20 MP: 2/2
   224 | D:1      | Reached skill level 4 in Fighting
   451 | D:1      | Reached XP level 3. HP: 22/24 MP: 3/3
   941 | D:2      | Identified the +4 short sword "Jutziwo" {flame, rF+ rCorr}
  1070 | D:2      | Reached skill level 5 in Fighting
  1094 | D:2      | Found a runed translucent door.
  1095 | D:2      | Noticed Crazy Yiuf
  1206 | D:2      | Reached XP level 4. HP: 31/31 MP: 4/4
  1677 | D:2      | Killed Crazy Yiuf
  1678 | D:2      | Reached skill level 6 in Fighting
  1776 | D:3      | Reached XP level 5. HP: 31/36 MP: 5/5
  2015 | D:3      | Reached skill level 7 in Fighting
  2292 | D:3      | Reached XP level 6. HP: 44/44 MP: 6/6
  3172 | D:4      | Reached skill level 8 in Fighting
  3299 | D:4      | Found a glowing golden altar of the Shining One.
  3409 | D:4      | Found a hide-covered altar of Uskayaw.
  3730 | D:5      | Entered Level 5 of the Dungeon
  3747 | D:5      | Reached XP level 7. HP: 40/50 MP: 7/7
  3844 | D:5      | Found a sand-covered staircase.
  3853 | Ossuary  | Entered an ossuary
  4020 | Ossuary  | Reached skill level 9 in Fighting
  4351 | D:5      | Reached skill level 10 in Fighting
  4413 | D:5      | Found a runed translucent gate.
  4414 | D:5      | Found a runed translucent gate.
  4414 | D:5      | Noticed Nonseq's ghost (novice DsFE)
  4415 | D:5      | Found a runed translucent gate.
  4430 | D:5      | Noticed an angel
  4431 | D:5      | Found a shimmering altar of Xom.
  4431 | D:5      | Found a glowing silver altar of Zin.
  4484 | D:5      | Reached XP level 8. HP: 57/57 MP: 8/8
  4503 | D:5      | Noticed Ijyb
  4654 | D:5      | Killed Ijyb
  4748 | D:5      | Reached skill level 11 in Fighting
  5055 | D:5      | Noticed Edmund
  5087 | D:5      | Reached skill level 12 in Fighting
  5101 | D:5      | Killed Edmund
  5289 | D:5      | Reached XP level 9. HP: 66/66 MP: 9/9
  5701 | D:5      | Killed Nonseq's ghost
  5702 | D:5      | Reached skill level 13 in Fighting
  6002 | D:6      | Noticed Blork the orc
  6024 | D:6      | Killed Blork the orc
  6094 | D:6      | Identified a scroll of acquirement
  6094 | D:6      | Acquired the ring "Vaitoig" {Fly MP+9 Int+4 Dex+4}
  6268 | D:6      | Noticed Menkaure
  6274 | D:6      | Killed Menkaure
  6450 | D:6      | Found a staircase to the Ecumenical Temple.
  6515 | Temple   | Entered the Ecumenical Temple
  6535 | Temple   | Became a worshipper of Warmaster Okawaru
  6781 | D:7      | Reached skill level 5 in Shields
  6781 | D:7      | Reached skill level 1 in Invocations
  6781 | D:7      | Reached XP level 10. HP: 74/74 MP: 10/10
  6782 | D:7      | Reached * piety under Okawaru
  6783 | D:7      | Reached skill level 5 in Armour
  7107 | D:8      | Noticed a two-headed ogre
  7125 | D:8      | Killed a two-headed ogre
  7126 | D:8      | Reached skill level 14 in Fighting
  7356 | D:8      | Noticed Psyche
  7361 | Abyss:1  | Cast into level 1 of the Abyss (Psyche)
  7406 | Abyss:1  | Noticed a lich
  7414 | Abyss:1  | Noticed a smoke demon
  7422 | Abyss:1  | Found a stormy altar of Qazlal.
  7422 | Abyss:1  | Found a corrupted altar of Lugonu.
  7424 | Abyss:1  | Noticed a large abomination
  7446 | Abyss:1  | Slain by a large abomination

Illustrated notes

Levels and vault maps discovered:
D:1:      dpeg_chamrin_arrival_tetris, layout_basic
D:2:      minmay_inner_zag, layout_loops_ring, dreamdust_mushroom_princess,
          uniq_crazy_yiuf_cottage
D:3:      layout_loops_ring, wad_floor_pattern_2
D:4:      layout_loops_corners, nicolae_tso_swordbearing_angel,
          nicolae_uskayaw_suspiria
D:5:      layout_basic, grunt_temple_overflow_order_and_chaos_1,
          nicolae_ossuary_entry_monument, gammafunk_ghost_nasty_kobolds,
          lightli_minifort, uniq_ijyb, uniq_edmund
D:6:      layout_cave_pools, minmay_temple_entry_glassed_door,
          uniq_blork_the_orc, uniq_menkaure
D:7:      layout_cave_pools, hangedman_abyss_or_decor_lesser_grid,
          nrook_loot_triangle
D:8:      lemuel_ice_statue, layout_cave_pools, nemelex_spade_bored_becter,
          minmay_misc_feat_rows, uniq_psyche
Temple:   hellmonk_temple_two_chambers
Abyss:1:  base: D:8, hangedman_steaming_rock

Skill      XL: |  1  2  3  4  5  6  7  8  9 10 |
---------------+-------------------------------+-----
Fighting       | 4 5 6 7 8 10 12 13 14 | 14.0
Armour         | 4 5 |  5.6
Shields        | 5 |  5.7
Maces & Flails | 3 4 |  4.6
Invocations    | 1 2 |  2.8

Action                     |  1- 3 |  4- 6 |  7- 9 | 10-12 || total
---------------------------+-------+-------+-------+-------++-------
  Melee: Flail             |    31 |       |   263 |    79 ||   373
         Short sword       |    60 |       |       |       ||    60
         Mace              |    19 |   290 |   357 |       ||   666
    Use: Scroll            |     7 |     6 |     9 |     1 ||    23
         Potion            |       |     1 |     3 |     1 ||     5
 Armour: Scale mail        |    53 |   199 |   562 |    84 ||   898
         Skin              |       |       |     7 |       ||     7
  Dodge: Dodged            |    45 |   145 |   360 |    50 ||   600
  Block: Buckler           |    20 |    52 |    96 |       ||   168
         Kite shield       |       |       |   131 |    65 ||   196

Table legend: (Time is in decaauts)
 A = Elapsed time spent in this place.
 B = Non-inter-level travel time spent in this place.
 C = Inter-level travel time spent in this place.
 D = Time resting spent in this place.
 E = Time spent auto-exploring this place.
 F = Levels seen in this place.
 G = Mean time per level.
                   A        B        C        D        E       F      G
               +--------+--------+--------+--------+--------+-----+--------+
         Total |   7835 |   7536 |    299 |    220 |   5046 |  11 |  712.3 |
       Dungeon |   7343 |   7056 |    287 |    220 |   4897 |   8 |  917.9 |
        Temple |     24 |     13 |     11 |      0 |     10 |   1 |   24.0 |
         Abyss |     86 |     86 |      0 |      0 |      0 |   1 |   86.0 |
       Ossuary |    381 |    381 |      0 |      0 |    139 |   1 |  381.0 |
               +--------+--------+--------+--------+--------+-----+--------+

Top non-repeatable levels by time:
     D:5: 1972 daAuts
     D:4: 1250 daAuts
     D:1: 939 daAuts
     D:2: 843 daAuts
     D:3: 811 daAuts
     D:6: 678 daAuts
     D:7: 574 daAuts
 Ossuary: 381 daAuts
     D:8: 272 daAuts
 Abyss:1: 86 daAuts
  Temple: 24 daAuts
